 Dungeon Crawl Stone Soup version 0.31-a0-1405-g2bb1a01 (webtiles) character file.

Game seed: 9139816581069491311

83 samfromsteam the Trooper (level 4, 0/41 HPs)
             Began as a Minotaur Berserker on Dec 25, 2023.
             Was a Believer of Trog.
             Slain by Robin
             ... wielding a +2 dagger of freezing
              (2 damage)
             ... on level 2 of the Dungeon.
             The game lasted 00:02:01 (827 turns).

samfromsteam the Trooper (Minotaur Berserker)        Turns: 827, Time: 00:02:01

Health: 0/41       AC:  2    Str: 24    XL:     4   Next: 22%
Magic:  3/3        EV: 12    Int:  4    God:    Trog [**....]
Gold:   78         SH:  0    Dex:  9    Spells: 3/3 levels left

rFire   . . .        a - +0 hand axe
rCold   . . .        (no shield)
rNeg    . . .        b - +0 animal skin
rPois   .            (helmet restricted)
rElec   .            (no cloak)
rCorr   .            (no gloves)
SInv    .            (no boots)
Will    ++...        (no amulet)
Stlth   +            (no ring)
HPRegen 1.26/turn    (no ring)
MPRegen 0.08/turn

%: no passive effects
@: strong-willed, regenerating
A: horns 2, retaliatory headbutt
a: Renounce Religion, Berserk, Trog's Hand


You were on level 2 of the Dungeon.
You worshipped Trog.
Trog was pleased with you.
You visited 1 branch of the dungeon, and saw 2 of its levels.

You collected 78 gold pieces.

Inventory:

Hand Weapons
 a - a +0 hand axe (weapon)
Missiles
 m - 2 throwing nets {!f}
Armour
 b - a +0 animal skin (worn)
Jewellery
 f - a ring of flight
Scrolls
 c - 3 scrolls of identify {unknown}
 h - a scroll of vulnerability {unknown}
 j - a scroll of teleportation {unknown}
 l - 3 scrolls of noise {unknown}
Potions
 d - a potion of curing {unknown}
 e - a potion of brilliance {unknown}
 g - a potion of mutation {unknown}
 i - a potion of heal wounds {unknown}
 k - a potion of resistance {unknown}
 n - a potion of cancellation {unknown}
 o - 2 potions of might {unknown}


   Skills:
 + Level 4.6 Fighting
 + Level 4.5 Axes
 + Level 3.7 Armour
 - Level 2.1 Dodging


You had 3 spell levels left.
You didn't know any spells.
Your spell library contained the following spells:

 Spells                   Type           Power      Damage    Failure   Level
 Fugue of the Fallen      Necr           0%         N/A       86%         3
 Ozocubu's Armour         Ice            0%         N/A       86%         3
 Manifold Assault         Tloc           0%         N/A       99%         4


Dungeon Overview and Level Annotations

Branches:
Dungeon (2/15)

Altars:

Annotations:
D:2 Robin


Innate Abilities, Weirdness & Mutations

You have a pair of horns on your head.
You reflexively headbutt those who attack you in melee.


Message History

Trog accepts your kill.
You closely miss the hobgoblin. You slash the goblin!
You kill the goblin!
Trog accepts your kill.
You closely miss the goblin.
The hobgoblin hits you but does no damage.
The goblin completely misses you.
Unknown command.
You hit the goblin but do no damage. Your punch misses the goblin.
You barely miss the hobgoblin. You closely miss Robin.
You closely miss the goblin. The hobgoblin closely misses you.
You furiously retaliate!
You headbutt the hobgoblin!
You kill the hobgoblin!
Trog accepts your kill.
Robin hits you with a +2 dagger of freezing.
Robin freezes you. The goblin completely misses you.
The goblin hits you with a +0 club.
Unknown command.
You closely miss Robin.
Robin is severely wounded.
You hit the goblin. You barely miss the goblin.
The goblin hits you but does no damage. Robin throws the goblin at you!
The goblin hits you with a +0 dagger. x2; The goblin hits you with a +0 club.
* * * LOW HITPOINT WARNING * * *
Robin hits you with a +2 dagger of freezing.
* * * LOW HITPOINT WARNING * * *
Robin freezes you.
* * * LOW HITPOINT WARNING * * *
Unknown command.
You hit Robin.
Robin is almost dead.
You hit the goblin.
You kill the goblin!
Trog accepts your kill.
You hit the goblin.
Robin hits you with a +2 dagger of freezing.
* * * LOW HITPOINT WARNING * * *
Robin freezes you.
You die...
Robin lets out a smug laugh.

.........#
...)# ##.
#.##.....# )..
... .....## .♣
.... .# .....
.# .....###.#
.#
....$....##.#
####...g)...#
...?..)@)...#
##....))g....#
#...........#
#...........#
#........[..#
#=.......[.##
#..........#
#..........#


You could see Robin and a goblin (strong).

Vanquished Creatures
  Jessica (D:2)
  An adder (D:2)
  A dart slug (D:1)
  2 endoplasms
  2 giant cockroaches (D:1)
  13 goblins
  7 hobgoblins
  3 jackals (D:2)
  A quokka (D:2)
  A ball python (D:1)
  3 bats
  3 kobolds (D:1)
  A rat (D:1)
39 creatures vanquished.

Notes
Turn   | Place    | Note
-------+----------+-------------------------------------------
     0 | D:1      | samfromsteam the Minotaur Berserker began the quest for the
                  | Orb.
     0 | D:1      | Reached XP level 1. HP: 19/19 MP: 0/0
    10 | D:1      | You fall into a shaft and drop 1 floor!
    16 | D:2      | Reached XP level 2. HP: 19/27 MP: 1/1
   103 | D:2      | Noticed Jessica
   110 | D:2      | Killed Jessica
   111 | D:2      | Reached XP level 3. HP: 28/33 MP: 2/2
   548 | D:1      | Reached ** piety under Trog
   818 | D:2      | Noticed Robin
   820 | D:2      | Reached XP level 4. HP: 33/41 MP: 3/3
   827 | D:2      | HP: 2/41 [Robin/+2 dagger of freezing (5)]
   827 | D:2      | Slain by Robin

Illustrated notes

Levels and vault maps discovered:
D:1:      amcnicky_arrival_double_pillar, layout_rooms, serial_curves,
          eino_curves_04, eino_curves_02, eino_curves_04
D:2:      layout_rooms, uniq_robin, uniq_jessica, uniq_crazy_yiuf_cottage

Skill      XL: |  1  2 |
---------------+-------+-----
Fighting       | 4 |  4.6
Axes           | 4 |  4.5
Armour         | 3 |  3.7
Dodging        | |  2.1

Action                     |  1- 3 |  4- 6 || total
---------------------------+-------+-------++-------
  Melee: Hand axe          |    53 |     7 ||    60
         Headbutt          |     2 |     1 ||     3
 Invoke: Trog's Hand       |     1 |       ||     1
 Armour: Animal skin       |    34 |    20 ||    54
  Dodge: Dodged            |    41 |    14 ||    55

Table legend: (Time is in decaauts)
 A = Elapsed time spent in this place.
 B = Non-inter-level travel time spent in this place.
 C = Inter-level travel time spent in this place.
 D = Time resting spent in this place.
 E = Time spent auto-exploring this place.
 F = Levels seen in this place.
 G = Mean time per level.
                   A        B        C        D        E       F      G
               +--------+--------+--------+--------+--------+-----+--------+
         Total |    831 |    792 |     39 |      0 |    642 |   2 |  415.5 |
       Dungeon |    831 |    792 |     39 |      0 |    642 |   2 |  415.5 |
               +--------+--------+--------+--------+--------+-----+--------+

Top non-repeatable levels by time:
     D:1: 646 daAuts
     D:2: 184 daAuts
